Unix NetHack Version 5.0.0-0 post-release - last build May 23 2026 06:08:33 (1c0ff79ee797540d5714e4e18072db0edd9e58ae,branch:main).

Game began 2026-05-24 08:00:40, ended 2026-05-24 08:14:11.

Atomicjoy, chaotic male elven Wizard

                                                                 ---------
                                  ------------                   |.......|
    ----------------              |..........|      ---------    |.......|
    |..............|              |...........#     |.......|####-.......|
    |..............|              |...:......|#     |......(|#   |.......|
    |..f...........|              |...........######........|####|.......|
    ---@--.---------              --------.---#     |........#   ---|-----
       ## #                               #   #     |.......|#      #
       #####                              #   #     -------|-#      #
           #                              #   #         ######      #
           #####                          #   ##        #           #
               #                  --------.-   #      ###           #
               #                 #........^|   #     ##             ####
               #            ######|........|   #    ##                -.----
             --.------    ###     |........|   #   -.---              |.d..|
             |%......|   ##       |........|   #   |...|              |....|
             |{.......####        ----------   ##  |...|              |....|
             |.<.....|                          ###-...|              |....|
             ---------                             -----              ------

Atomicjoy the Conjurer    St:9 Dx:12 Co:16 In:19 Wi:10 Ch:11  Chaotic
Dlvl:4  $:30 HP:0(28) Pw:12(39) AC:9  Xp:3 T:1900  Burdened

Latest messages:
 The iguana bites the kitten.
 The iguana bites!
 In what direction? 6
 The spell hits the iguana!
 You kill the iguana!
 In what direction? .
 You feel better.
 You swap places with your kitten.
 The kitten bites the manes.
 The manes misses the kitten.
 The manes misses the kitten.
 The manes misses the kitten.
 The kitten bites the manes.
 The kitten bites the manes.
 The manes is destroyed!
 The kitten misses the manes.
 The kitten misses the manes.
 The kitten misses the manes.
 The kitten bites the manes.
 The manes misses the kitten.
 The manes misses the kitten.
 The manes misses the kitten.
 The kitten misses the manes.
 The kitten bites the manes.
 The manes is destroyed!
 You swap places with your kitten.
 You hear a door open.
 The kitten starves.
 The orc zombie hits!
 You miss the orc zombie.
 In what direction? 3
 The spell misses the orc zombie.
 The spell hits the sewer rat!
 You kill the sewer rat!
 You miss the orc zombie.
 You miss the orc zombie.
 The orc zombie hits!
 The orc zombie hits!
 You miss the orc zombie.
 The kitten bites!
 The orc zombie hits!
 In what direction? 3
 The spell hits the orc zombie!
 You destroy the orc zombie!
 The kitten bites!
 The kitten bites!
 The kitten bites!
 The kitten bites!
 You die...
 Do you want your possessions identified? [ynq] (y) q

Inventory:
 Coins    ('$')
  $ - 30 gold pieces
 Weapons  (')')
  u - a thoroughly rusty -2 dagger (weapon in right hand)
  G - a +0 elven dagger
  a - a blessed +1 quarterstaff (alternate weapon; not wielded)
 Armor    ('[')
  b - an uncursed +0 cloak of magic resistance (being worn)
 Comestibles  ('%')
  p - an uncursed clove of garlic
 Scrolls  ('?')
  C - an uncursed scroll of enchant armor
  i - 3 uncursed scrolls of remove curse
  q - a cursed scroll of remove curse
  j - an uncursed scroll of taming
 Spellbooks  ('+')
  t - an uncursed spellbook of charm monster
  w - an uncursed spellbook of cone of cold
  l - an uncursed spellbook of cure sickness
  k - a blessed spellbook of force bolt
  B - an uncursed spellbook of healing
  E - an uncursed spellbook of jumping
  z - an uncursed spellbook of turn undead
 Potions  ('!')
  f - a blessed potion of blindness
  D - an uncursed potion of gain ability
  y - an uncursed potion of hallucination
  g - 3 uncursed potions of healing
  r - an uncursed potion of levitation
  h - an uncursed potion of paralysis
  v - a cursed potion of sleeping
  x - an uncursed potion of speed
 Rings    ('=')
  e - an uncursed ring of searching
  d - an uncursed ring of shock resistance
 Wands    ('/')
  c - a wand of teleportation (0:5)
 Tools    ('(')
  n - an uncursed bell
  m - a magic marker (0:22)
 Gems/Stones  ('*')
  A - an uncursed worthless piece of orange glass
  F - an uncursed worthless piece of red glass

Atomicjoy the Wizard's attributes:

Background:
 You were a Conjurer, a level 3 male elven Wizard.
 You were chaotic, on a mission for Anhur
 who was opposed by Ptah (lawful) and Thoth (neutral).
 You were right-handed.
 You were in the Dungeons of Doom, on level 4.
 You entered the dungeon 1900 turns ago.
 You had 69 experience points, 11 more were needed to attain level 4.

Basics:
 You had 0 out of 28 hit points.
 You had 12 out of 39 energy points (spell power).
 Your armor class was 9.
 Your wallet contained 30 zorkmids.
 Autopickup was off.

Final Characteristics:
 Your strength was 9 (limit:18).
 Your dexterity was 12 (limit:18).
 Your constitution was 16 (limit:16).
 Your intelligence was 19 (limit:20).
 Your wisdom was 10 (limit:20).
 Your charisma was 11 (limit:18).

Final Status:
 You weren't hungry.
 You were burdened; movement was slightly slowed.
 You were wielding a dagger.
 You were unskilled in dagger.

Final Attributes:
 You were devoutly aligned.
 You were magic-protected.
 You had infravision.
 You were warded.
 You are dead.

Miscellaneous:
 You didn't encounter any bones levels.
 Total elapsed playing time was 13 minutes and 30 seconds.

Major events:
 Turn
    1: Atomicjoy the chaotic male elven Wizard entered the dungeon
  855: entered the Gnomish Mines
 1719: attained the rank of Conjurer (level 3)
 1900: killed by a kitten

Spells:
 Name                 Level Category     Fail Retention
 force bolt             1   attack         0%  91%-100%
 cure sickness          3   healing       79%  76%-100%
 charm monster          5   enchantment   90%  91%-100%
 cone of cold           4   attack        63%  91%-100%
 turn undead            6   clerical     100%  76%-100%
 healing                1   healing        0%  76%-100%
 jumping                1   escape         0%  76%-100%

Skills:
 Fighting Skills
   bare handed combat [Unskilled]
   riding             [Unskilled]
 Weapon Skills
   dagger             [Unskilled]
   knife              [Unskilled]
   axe                [Unskilled]
   short sword        [Unskilled]
   club               [Unskilled]
   mace               [Unskilled]
   quarterstaff       [Basic]
   polearms           [Unskilled]
   spear              [Unskilled]
   trident            [Unskilled]
   sling              [Unskilled]
   dart               [Unskilled]
   shuriken           [Unskilled]
 Spellcasting Skills
   attack spells      [Basic]
   healing spells     [Unskilled]
   divination spells  [Unskilled]
   enchantment spells [Basic]
   clerical spells    [Unskilled]
   escape spells      [Unskilled]
   matter spells      [Unskilled]

Voluntary challenges:
 Character rerolling was not enabled.
 You never genocided any monsters.
 You never polymorphed an object.
 You never changed form.
 You used no wishes.
Achievements:
 You entered a shop.
 You entered the Gnomish Mines.
 You attained the rank of Conjurer.

 The Dungeons of Doom: levels 1 to 4
    Level 1:
       An altar, a fountain, a sink, a grave.
    Level 2:
       A sink.
    Level 3:
       A food shop, a fountain.
       Stairs down to The Gnomish Mines.
    Level 4: <- You were here.
       A sink.
       Final resting place for
          you, killed by a kitten.
 The Gnomish Mines:
    Level 4:


Vanquished creatures:
  a shrieker
  2 floating eyes
  a kitten
 an orc zombie
  a werejackal
 an iguana
  a coyote
  a hobbit
  3 manes
  a cave spider
  a green mold
  a gnome
  2 jackals
  2 sewer rats
  6 grid bugs
  a bat
  3 lichens
  3 newts
32 creatures vanquished.

No species were genocided or became extinct.

Game over:
                       ----------
                      /          \
                     /    REST    \
                    /      IN      \
                   /     PEACE      \
                  /                  \
                  |    Atomicjoy     |
                  |      30 Au       |
                  |   killed by a    |
                  |      kitten      |
                  |                  |
                  |                  |
                  |       2026       |
                 *|     *  *  *      | *
        _________)/\\_//(\/(/\)/\//\/|_)_______

Goodbye Atomicjoy the Wizard...

You died in The Dungeons of Doom on dungeon level 4 with 453 points,
and 30 pieces of gold, after 1900 moves.
You were level 3 with a maximum of 28 hit points when you died.

